APL (24 & UNDER)
ATHENS ASSASSINS @ KENOSHA KINGFISH
08/11/2030
 
TOP OF THE 1ST
Athens Assassins batting - Pitching for Kenosha Kingfish : RHP Brian Lovelace
Pitching: RHP Brian Lovelace
Batting: RHB Pat Johnston 0-0: Ball
1-0: SINGLE (Flyball, 8LS)
Batting: RHB Luis López 0-0: Ball
1-0: Foul Ball, location: 2F
1-1: SINGLE (Line Drive, 7S)
Pat Johnston to second
Batting: RHB John Conway 0-0: Ball
1-0: Swinging Strike
1-1: Called Strike
1-2: Ball
2-2: Ball
3-2: Base on Balls
Pat Johnston to third
Luis López to second
Batting: RHB John Jones 0-0: Ball
1-0: Called Strike
1-1: Fly out, F8 (Flyball, 89D)
Runner from 3rd tags up, SCORES, no throw
Batting: RHB Jonathon García 0-0: Called Strike
0-1: Ball
1-1: Foul Ball, location: 2F
1-2: Strikes out swinging
Batting: RHB Kiyonaga Ogawa 0-0: Foul Ball, location: 2F
0-1: SINGLE (Groundball, 4D)
Luis López to third
John Conway to second
Runner from 3rd tries for Home, SAFE, no throw
Batting: RHB Maximino Abbado 0-0: SINGLE (Flyball, 7LS)
John Conway to third
Kiyonaga Ogawa to second
Runner from 3rd tries for Home, SAFE, no throw
Batting: RHB Britt Short 0-0: Ball
1-0: Swinging Strike
1-1: Ball
2-1: Foul Ball, location: 2F
2-2: Ball
3-2: Foul Ball, location: 2F
3-2: Base on Balls
Kiyonaga Ogawa to third
Maximino Abbado to second
Batting: RHB Alfonso Flores 0-0: SINGLE (Line Drive, 56)
Kiyonaga Ogawa scores
Maximino Abbado to third
Britt Short to second
Runner from 3rd tries for Home, SAFE, no throw
Batting: RHB Pat Johnston 0-0: Ball
1-0: Foul Ball, location: 2F
1-1: Foul Ball, location: 2F
1-2: Foul Ball, location: 2F
1-2: Foul Ball, location: 2F
1-2: Ball
2-2: Ground out 5-3 (Groundball, 5S)
Top of the 1st over - 5 runs, 5 hits, 0 errors, 2 left on base; Athens 5 - Kenosha 0
BOTTOM OF THE 1ST
Kenosha Kingfish batting - Pitching for Athens Assassins : RHP José López
Pitching: RHP José López
Batting: RHB Armando Arellano 0-0: Ball
1-0: Ball
2-0: Fly out, F8 (Flyball, 8RXD)
Batting: RHB Juan Escalante 0-0: Ball
1-0: Ball
2-0: Ball
3-0: Foul Ball, location: 2F
3-1: Fly out, F9 (Flyball, 9S)
Batting: LHB Luis Martínez 0-0: Called Strike
0-1: Ball
1-1: SINGLE (Flyball, 9S)
Batting: RHB José Matos 0-0: Ball
1-0: Called Strike
1-1: Swinging Strike
1-2: Strikes out looking
Bottom of the 1st over - 0 runs, 1 hit, 0 errors, 1 left on base; Athens 5 - Kenosha 0
TOP OF THE 2ND
Athens Assassins batting - Pitching for Kenosha Kingfish : RHP Brian Lovelace
Batting: RHB Luis López 0-0: Foul Ball, location: 2F
0-1: Foul Ball, location: 2F
0-2: Ball
1-2: Strikes out swinging
Batting: RHB John Conway 0-0: Ball
1-0: Called Strike
1-1: Foul Ball, location: 2F
1-2: Foul Ball, location: 2F
1-2: SINGLE (Line Drive, 6MD)
Batting: RHB John Jones 0-0: Ball
1-0: Foul Ball, location: 2F
1-1: Ball
2-1: Grounds into double play, 4-6-3 (Groundball, 4D)
Top of the 2nd over - 0 runs, 1 hit, 0 errors, 0 left on base; Athens 5 - Kenosha 0
BOTTOM OF THE 2ND
Kenosha Kingfish batting - Pitching for Athens Assassins : RHP José López
Batting: RHB Mike Martínez 0-0: Swinging Strike
0-1: Ball
1-1: Foul Ball, location: 2F
1-2: Strikes out swinging, 2-3 out at first.
Batting: RHB Millard Ferguson 0-0: Ball
1-0: Ball
2-0: DOUBLE (Line Drive, 7LM)
Batting: RHB Vicente Rosales 0-0: Ground out 5-3 (Groundball, 56S)
Millard Ferguson to third
Batting: RHB Jeff Navarro 0-0: Foul Ball, location: 2F
0-1: Called Strike
0-2: Strikes out swinging
Bottom of the 2nd over - 0 runs, 1 hit, 0 errors, 1 left on base; Athens 5 - Kenosha 0
TOP OF THE 3RD
Athens Assassins batting - Pitching for Kenosha Kingfish : RHP Brian Lovelace
Batting: RHB Jonathon García 0-0: Called Strike
0-1: Called Strike
0-2: Foul Ball, location: 2F
0-2: Ball
1-2: Strikes out looking
Batting: RHB Kiyonaga Ogawa 0-0: Called Strike
0-1: Ground out 5-3 (Groundball, 56D)
Batting: RHB Maximino Abbado 0-0: DOUBLE (Line Drive, 8LD)
Batting: RHB Britt Short 0-0: SINGLE (Line Drive, 89S)
Maximino Abbado to third
Runner from 3rd tries for Home, SAFE, no throw
Pitching: LHP José Carlos
Batting: RHB Alfonso Flores 0-0: Called Strike
0-1: SINGLE (Popup, 34D)
Britt Short to second
Runner from 2nd tries for 3rd, SAFE, no throw
Batting: RHB Pat Johnston 0-0: Foul Ball, location: 2F
0-1: Swinging Strike
0-2: Ball
1-2: Foul Ball, location: 2F
1-2: Foul Ball, location: 2F
1-2: Strikes out swinging
Top of the 3rd over - 1 run, 3 hits, 0 errors, 2 left on base; Athens 6 - Kenosha 0
BOTTOM OF THE 3RD
Kenosha Kingfish batting - Pitching for Athens Assassins : RHP José López
Batting: RHB Charlie Guzmén 0-0: Ball
1-0: Called Strike
1-1: Swinging Strike
1-2: Foul Ball, location: 2F
1-2: Foul Ball, location: 2F
1-2: Foul Ball, location: 2F
1-2: Ball
2-2: Fly out, F8 (Flyball, 8RS)
Batting: RHB Armando Arellano 0-0: SOLO HOME RUN (Flyball, 9LD), Distance : 344 ft
Batting: RHB Juan Escalante 0-0: Ball
1-0: Ground out 4-3 (Groundball, 4)
Batting: LHB Luis Martínez 0-0: Fly out, F6 (Line Drive, 6M)
Bottom of the 3rd over - 1 run, 1 hit, 0 errors, 0 left on base; Athens 6 - Kenosha 1
TOP OF THE 4TH
Athens Assassins batting - Pitching for Kenosha Kingfish : LHP José Carlos
Batting: RHB Luis López 0-0: Ball
1-0: Called Strike
1-1: Called Strike
1-2: Foul Ball, location: 2F
1-2: Foul Ball, location: 2F
1-2: Strikes out swinging
Batting: RHB John Conway 0-0: Ball
1-0: Swinging Strike
1-1: Foul Ball, location: 2F
1-2: Foul Ball, location: 2F
1-2: Ball
2-2: Ground out 4-3 (Groundball, 4)
Batting: RHB John Jones 0-0: Called Strike
0-1: Ground out 4-3 (Groundball, 4)
Top of the 4th over - 0 runs, 0 hits, 0 errors, 0 left on base; Athens 6 - Kenosha 1
BOTTOM OF THE 4TH
Kenosha Kingfish batting - Pitching for Athens Assassins : RHP José López
Batting: RHB José Matos 0-0: Called Strike
0-1: Called Strike
0-2: Strikes out swinging
Batting: RHB Mike Martínez 0-0: Foul Ball, location: 2F
0-1: Foul Ball, location: 2F
0-2: Ball
1-2: Fly out, F7 (Flyball, 78M)
Batting: RHB Millard Ferguson 0-0: Ball
1-0: Ball
2-0: Ball
3-0: Base on Balls
Batting: RHB Vicente Rosales 0-0: Called Strike
0-1: Ball
1-1: Called Strike
1-2: Ball
2-2: Fielders Choice at 2nd, 6-4 (Groundball, 6)
Bottom of the 4th over - 0 runs, 0 hits, 0 errors, 1 left on base; Athens 6 - Kenosha 1
TOP OF THE 5TH
Athens Assassins batting - Pitching for Kenosha Kingfish : LHP José Carlos
Batting: RHB Jonathon García 0-0: Ball
1-0: Called Strike
1-1: Ball
2-1: Foul Ball, location: 2F
2-2: Strikes out looking
Batting: RHB Kiyonaga Ogawa 0-0: Ball
1-0: Swinging Strike
1-1: Ball
2-1: Foul Ball, location: 2F
2-2: Strikes out swinging
Batting: RHB Maximino Abbado 0-0: Ball
1-0: Ball
2-0: Foul Ball, location: 2F
2-1: Fly out, F9 (Flyball, 9S)
Top of the 5th over - 0 runs, 0 hits, 0 errors, 0 left on base; Athens 6 - Kenosha 1
BOTTOM OF THE 5TH
Kenosha Kingfish batting - Pitching for Athens Assassins : RHP José López
Batting: RHB Jeff Navarro 0-0: Foul Ball, location: 2F
0-1: Foul Ball, location: 2F
0-2: Ball
1-2: Strikes out swinging
Batting: RHB Charlie Guzmén 0-0: Ball
1-0: SINGLE (Line Drive, 4D)
Batting: RHB Armando Arellano 0-0: Foul Ball, location: 2F
0-1: Ball
1-1: Foul Ball, location: 2F
1-2: Foul Ball, location: 2F
1-2: Ball
2-2: Strikes out swinging
Batting: RHB Juan Escalante 0-0: Ball
1-0: SINGLE (Line Drive, 56D)
Charlie Guzmén to second
Batting: LHB Luis Martínez 0-0: Ball
1-0: Called Strike
1-1: Ground out 4-3 (Groundball, 4)
Bottom of the 5th over - 0 runs, 2 hits, 0 errors, 2 left on base; Athens 6 - Kenosha 1
TOP OF THE 6TH
Athens Assassins batting - Pitching for Kenosha Kingfish : LHP José Carlos
Batting: RHB Britt Short 0-0: Called Strike
0-1: Ball
1-1: Swinging Strike
1-2: Strikes out swinging
Batting: RHB Alfonso Flores 0-0: Called Strike
0-1: Foul Ball, location: 2F
0-2: Ball
1-2: Ball
2-2: Strikes out swinging
Batting: RHB Pat Johnston 0-0: Foul Ball, location: 2F
0-1: Swinging Strike
0-2: Ball
1-2: Strikes out swinging
Top of the 6th over - 0 runs, 0 hits, 0 errors, 0 left on base; Athens 6 - Kenosha 1
BOTTOM OF THE 6TH
Kenosha Kingfish batting - Pitching for Athens Assassins : RHP José López
Batting: RHB José Matos 0-0: Ground out 3-1 (Groundball, 34)
Batting: RHB Mike Martínez 0-0: Called Strike
0-1: Foul Ball, location: 2F
0-2: Ball
1-2: Ball
2-2: Strikes out swinging
Batting: RHB Millard Ferguson 0-0: Called Strike
0-1: Foul Ball, location: 2F
0-2: Ball
1-2: SINGLE (Groundball, 56D)
Batting: RHB Vicente Rosales 0-0: Called Strike
0-1: Fly out, F3 (Popup, 23F)
Bottom of the 6th over - 0 runs, 1 hit, 0 errors, 1 left on base; Athens 6 - Kenosha 1
TOP OF THE 7TH
Athens Assassins batting - Pitching for Kenosha Kingfish : LHP José Carlos
Pitching: RHP Ramón Árias
Batting: RHB Luis López 0-0: Ball
1-0: Ball
2-0: Ball
3-0: Base on Balls
Batting: RHB John Conway 0-0: Ball
1-0: DOUBLE (Line Drive, 7D)
Luis López to third
Runner from 3rd tries for Home, SAFE, no throw
Batting: RHB John Jones 0-0: Called Strike
0-1: Ball
1-1: Ball
2-1: SINGLE (Groundball, 6S) (infield hit)
John Conway to third
Batting: RHB Jonathon García 0-0: Called Strike
0-1: Ball
1-1: Ball
2-1: Swinging Strike
2-2: Strikes out looking
Batting: RHB Kiyonaga Ogawa 0-0: Ball
1-0: Ball
2-0: Ball
3-0: Called Strike
3-1: Called Strike
3-2: Foul Ball, location: 2F
3-2: Foul Ball, location: 2F
3-2: Fielders Choice at 2nd, 4-6 (Groundball, 34)
John Conway scores
Batting: RHB Maximino Abbado 0-0: Called Strike
0-1: Ball
1-1: Called Strike
1-2: Ball
Kiyonaga Ogawa is caught stealing 2nd base
Top of the 7th over - 2 runs, 2 hits, 0 errors, 0 left on base; Athens 8 - Kenosha 1
BOTTOM OF THE 7TH
Kenosha Kingfish batting - Pitching for Athens Assassins : RHP José López
Batting: RHB Jeff Navarro 0-0: Ball
1-0: Called Strike
1-1: Ball
2-1: Called Strike
2-2: Ground out 6-3 (Groundball, 6)
Batting: RHB Charlie Guzmén 0-0: Ball
1-0: Ball
2-0: Ball
3-0: Base on Balls
Batting: RHB Armando Arellano 0-0: Ball
1-0: Foul Ball, location: 2F
1-1: Ball
2-1: Swinging Strike
2-2: Strikes out swinging
Batting: RHB Juan Escalante 0-0: Called Strike
0-1: Swinging Strike
0-2: Ball
1-2: Ball
2-2: Strikes out swinging
Bottom of the 7th over - 0 runs, 0 hits, 0 errors, 1 left on base; Athens 8 - Kenosha 1
TOP OF THE 8TH
Athens Assassins batting - Pitching for Kenosha Kingfish : RHP Ramón Árias
Batting: RHB Maximino Abbado 0-0: Foul Ball, location: 2F
0-1: Swinging Strike
0-2: Strikes out swinging
Batting: RHB Britt Short 0-0: Ball
1-0: Ball
2-0: Ball
3-0: Called Strike
3-1: Base on Balls
Batting: RHB Alfonso Flores 0-0: Called Strike
0-1: Swinging Strike
0-2: Ball
1-2: Strikes out swinging
Batting: RHB Pat Johnston 0-0: Ball
Britt Short steals 2nd base
1-0: Swinging Strike
1-1: Called Strike
1-2: Ball
2-2: Foul Ball, location: 2F
2-2: Ball
3-2: Strikes out swinging
Top of the 8th over - 0 runs, 0 hits, 0 errors, 1 left on base; Athens 8 - Kenosha 1
BOTTOM OF THE 8TH
Kenosha Kingfish batting - Pitching for Athens Assassins : RHP José López
Batting: LHB Luis Martínez 0-0: Ball
1-0: Called Strike
1-1: SINGLE (Groundball, 34) (infield hit)
Batting: RHB José Matos 0-0: Ball
1-0: Ball
2-0: Ball
3-0: Called Strike
3-1: Fly out, F3 (Popup, 23F)
Batting: RHB Mike Martínez 0-0: Foul Ball, location: 2F
0-1: SINGLE (Groundball, 5D)
Luis Martínez to second
Batting: RHB Millard Ferguson 0-0: Ball
1-0: Called Strike
1-1: Foul Ball, location: 2F
1-2: Ball
2-2: Ball
3-2: Base on Balls
Luis Martínez to third
Mike Martínez to second
Batting: RHB Vicente Rosales 0-0: SINGLE (Groundball, 34D)
Luis Martínez scores
Mike Martínez to third
Millard Ferguson to second
Runner from 3rd tries for Home, SAFE, no throw
Pitching: RHP Franklin Booth
Batting: RHB Jeff Navarro 0-0: Ball
1-0: Ball
2-0: Ball
3-0: Called Strike
3-1: Fly out, F9 (Flyball, 9S)
Batting: RHB Charlie Guzmén 0-0: Called Strike
0-1: Swinging Strike
0-2: Strikes out swinging
Bottom of the 8th over - 2 runs, 3 hits, 0 errors, 2 left on base; Athens 8 - Kenosha 3
TOP OF THE 9TH
Athens Assassins batting - Pitching for Kenosha Kingfish : RHP Ramón Árias
Batting: RHB Luis López 0-0: Called Strike
0-1: Called Strike
0-2: Ball
1-2: Ball
2-2: Foul Ball, location: 2F
2-2: Foul Ball, location: 2F
2-2: Foul Ball, location: 2F
2-2: Fly out, F8 (Flyball, 8RS)
Batting: RHB John Conway 0-0: Called Strike
0-1: Called Strike
0-2: Ball
1-2: Ball
2-2: Foul Ball, location: 2F
2-2: Strikes out swinging
Batting: RHB John Jones 0-0: Called Strike
0-1: Foul Ball, location: 2F
0-2: Ball
1-2: SINGLE (Groundball, 6MD)
Batting: RHB Jonathon García 0-0: Called Strike
0-1: Swinging Strike
0-2: Strikes out looking
Top of the 9th over - 0 runs, 1 hit, 0 errors, 1 left on base; Athens 8 - Kenosha 3
BOTTOM OF THE 9TH
Kenosha Kingfish batting - Pitching for Athens Assassins : RHP Franklin Booth
Now at 1B: Justin Tomlinson
Now in LF: William Ewing
Batting: RHB Armando Arellano 0-0: Ball
1-0: Ball
2-0: Called Strike
2-1: Foul Ball, location: 2F
2-2: SINGLE (Groundball, 6MD)
Batting: RHB Juan Escalante 0-0: Ball
1-0: Swinging Strike
1-1: Swinging Strike
1-2: SINGLE (Line Drive, 89S)
Armando Arellano to second
Batting: LHB Luis Martínez 0-0: Ball
1-0: Called Strike
1-1: Fielders Choice at 2nd, 1-4 (Groundball, 15S)
Armando Arellano to third
Batting: RHB José Matos 0-0: DOUBLE (Flyball, 89XD)
Armando Arellano scores
Luis Martínez to third
Pitching: LHP Dan Thompson
Batting: RHB Mike Martínez 0-0: Ball
1-0: Foul Ball, location: 2F
1-1: Ball
2-1: Called Strike
2-2: Ball
3-2: Ground out 4-3 (Groundball, 4)
Luis Martínez scores
José Matos to third
Batting: RHB Millard Ferguson 0-0: Ball
1-0: Reached on error, E9 (Flyball, 9LM)
José Matos scores
Batting: RHB Vicente Rosales 0-0: Called Strike
0-1: SINGLE (Groundball, 6D)
Millard Ferguson to third
Batting: RHB Jeff Navarro 0-0: Ball
1-0: Called Strike
1-1: Ball
2-1: Fly out, F1 (Line Drive, 13)
Bottom of the 9th over - 3 runs, 4 hits, 1 error, 2 left on base; Athens 8 - Kenosha 6
Saturday, April 7th, 2018 - OOTP Baseball 18.8 Build 76